AoeStats
← Orca17

Migration

504094617Analyzed
1v1 RM · 1mo ago on Sep 3, 2026· 24m 26s· 2 players
Game mode
Random Map
Map size
132×132
Population
200
Speed
Normal
Resources
Standard
Victory
Conquest
Starting age
Dark Age
Ending age
Imperial Age
RankedLock teamsTeams togetherTeam positionsShared explorationLock speedFull tech treeHidden civsTurbo modeCheats
Victory
Defeat
🇩🇪 Chinese · Germany
2197
+20
🇪🇸 Italians · Spain
2277
-20
Orca17
0:25 Loom
11:36 Feudal Age
15:37 Castle Age
13:37 Fishing Lines
14:14 Double-Bit Axe
15:22 Gold Mining
16:30 Medium Warships
16:38 Bow Saw
16:34 Gillnets
19:32 Siphons
19:39 Clinker Construction
22:31 Forging
[R1] PoXoLo
12:38 Feudal Age
13:48 Double-Bit Axe
16:18 Castle Age
14:37 Gold Mining
16:19 Loom
17:17 Medium Warships
18:06 Bow Saw
19:35 Siphons
20:56 Clinker Construction
Connection lost

Rejoining the realm…

Still unreachable

The connection could not be restored.

Session expired

The server has moved on; the page needs a fresh start.